 Dungeon Crawl Stone Soup version 0.27-a0-1065-ge809cff456 (webtiles) character file.

Game seed: 11750306186145106925

193 kae the Ruffian (level 5, -24/49 HPs)
             Began as a Draconian Transmuter on Apr 22, 2021.
             Killed from afar by a steam dragon (25 damage)
             ... with a ball of steam
             ... on level 4 of the Dungeon.
             The game lasted 00:02:29 (4683 turns).

kae the Ruffian (Draconian Transmuter)              Turns: 4683, Time: 00:02:29

Health: -24/49     AC:  5    Str: 13    XL:     5   Next: 43%
Magic:  5/8        EV: 10    Int: 14    God:
Gold:   35         SH:  0    Dex: 11    Spells: 1/9 levels left

rFire    x . .     SeeInvis .     - Unarmed
rCold    + + +     Faith    .   (shield currently unavailable)
rNeg     . . .     Spirit   .   (armour unavailable)
rPois    +         Reflect  .   (helmet currently unavailable)
rElec    .         Harm     .   (cloak currently unavailable)
rCorr    .         Rampage  .   (gloves currently unavailable)
Will     .....                  (boots currently unavailable)
Stlth    +.........             (no amulet)
HPRegen  0.16/turn              (no ring)
MPRegen  0.11/turn              (no ring)

@: ice-form
A: freezing attack, amphibious, boosted hp, AC +5, large, unfitting armour,
(cold-blooded)
a: End Transformation


You were on level 4 of the Dungeon.
You were a creature of crystalline ice.
You visited 1 branch of the dungeon, and saw 4 of its levels.

You collected 45 gold pieces.
You spent 10 gold pieces at shops.

Inventory:

Armour
 a - a +0 cloak (melded)
Scrolls
 b - 2 scrolls of teleportation
 d - a scroll of fear
 e - a scroll of enchant weapon
Potions
 c - a potion of ambrosia
 g - a potion of curing {unknown}
 h - a potion of heal wounds {unknown}
 j - a potion of magic
 k - a potion of might


   Skills:
 + Level 2.0 Fighting
 + Level 2.3 Dodging
 * Level 4.0 Unarmed Combat
 + Level 2.5 Spellcasting
 * Level 3.5 Transmutations
 * Level 0.0 Ice Magic
 * Level 1.6 Poison Magic


You had one spell level left.
You knew the following spells:

 Your Spells              Type           Power      Damage    Failure   Level
a - Beastly Appendage     Tmut           22%        N/A       5%          1
b - Spider Form           Tmut/Pois      4%         N/A       24%         3
c - Ice Form              Ice/Tmut       6%         N/A       73%         4

Your spell library contained the following spells:

 Spells                   Type           Power      Damage    Failure   Level
 Corona                   Hex            1%         N/A       22%         1
 Wereblood                Tmut           11%        N/A       9%          2
 Ensorcelled Hibernation  Hex/Ice        2%         N/A       34%         2
 Confusing Touch          Hex            1%         N/A       56%         3
 Dazzling Flash           Conj/Hex       2%         N/A       56%         3
 Gell's Gravitas          Tloc           0%         N/A       56%         3
 Tukima's Dance           Hex            1%         N/A       56%         3
 Petrify                  Tmut/Erth      6%         N/A       73%         4
 Hydra Form               Tmut           5%         N/A       83%         5
 Yara's Violent Unravell  Hex/Tmut       3%         3d4       97%         5
 Metabolic Englaciation   Hex/Ice        0%         N/A       99%         5


Dungeon Overview and Level Annotations

Branches:
Dungeon (4/15)
 Temple: D:4-7

Altars:
Hepliaklqana

Shops:
D:3 *


Innate Abilities, Weirdness & Mutations

You are a creature of crystalline ice.
You have a powerful freezing melee attack.
You are amphibious.
Your maximum health is increased.
Your armour is entirely melded.
You are incapable of wielding weapons or throwing items.
((Your plain brown scales are hard. (AC +5)))
You cannot fit into any form of body armour.
((You are cold-blooded and may be slowed by cold attacks.))


Message History

Casting: Ice Form (potentially lethal; 73% risk of failure)
Confirm with . or Enter, or press ? or * to list all spells.
The spell is potentially lethal to cast (73% risk of failure)!
Continue anyway? [Y]es or [N]o only, please.
The spell is potentially lethal to cast (73% risk of failure)!
Continue anyway?
You miscast Ice Form.
You are very lightly contaminated with residual magic.
You shiver with cold.
You start resting.
Your magical contamination has completely faded away.
You start resting.
Magic restored.
HP restored.
Casting: Ice Form (potentially lethal; 73% risk of failure)
Confirm with . or Enter, or press ? or * to list all spells.
The spell is potentially lethal to cast (73% risk of failure)!
Continue anyway? [Y]es or [N]o only, please.
The spell is potentially lethal to cast (73% risk of failure)!
Continue anyway?
You turn into a creature of crystalline ice.
Your +0 cloak melds into your body.
As you open the door, it creaks loudly!
You hear an angry hiss.
The steam dragon hisses angrily.
There is an open door here.
The steam dragon breathes steam at you. The ball of steam hits you!!
The steam scalds you terribly!
You barely miss the steam dragon.
You are engulfed in a cloud of scalding steam.
The steam dragon breathes steam at you. The ball of steam misses you.
You hit the steam dragon but do no damage.
You are engulfed in a cloud of scalding steam.
* * * LOW HITPOINT WARNING * * *
The steam dragon bites you.
* * * LOW HITPOINT WARNING * * *
The steam dragon claws you.
* * * LOW HITPOINT WARNING * * *
The steam dragon breathes steam at you. The ball of steam hits you!!
The steam scalds you terribly!
Ouch! That really hurt!
You die...

##.....#
#....<.#
#>.....#
#......#
########'#######
.!.....§§§.....#
#......§§#####?#
#.....).§..#
#.#.....DY.# #
#.#......#
#.#......# #
#......#
+.......
#......##
#......#
#......#


You could see a steam dragon (catching breath).

Vanquished Creatures
  A jelly (D:2)
  Terence (D:2)
  An orc wizard (D:2)
  3 adders
  A worm (D:2)
  11 orcs
  11 endoplasms
  4 giant cockroaches
  3 hobgoblins
  8 jackals
  2 quokkas (D:2)
  5 ball pythons
  3 bats (D:1)
  A frilled lizard (D:2)
  2 goblins (D:1)
  11 kobolds
68 creatures vanquished.

Vanquished Creatures (others)
  A ball python (D:4)
  7 fungi (D:2)
  8 toadstools (D:2)
16 creatures vanquished.

Grand Total: 84 creatures vanquished

Notes
Turn   | Place    | Note
-------+----------+-------------------------------------------
     0 | D:1      | kae the Draconian Transmuter began the quest for the Orb.
     0 | D:1      | Reached XP level 1. HP: 16/16 MP: 3/3
   882 | D:1      | Reached XP level 2. HP: 23/23 MP: 3/5
  1313 | D:2      | Noticed Terence
  1335 | D:2      | Killed Terence
  1336 | D:2      | Reached XP level 3. HP: 7/28 MP: 6/6
  1700 | D:2      | Learned a level 3 spell: Spider Form
  1758 | D:2      | Found a hazy altar of Hepliaklqana.
  1981 | D:2      | Reached XP level 4. HP: 16/36 MP: 3/7
  2546 | D:2      | Reached skill level 1 in Poison Magic
  2820 | D:2      | Reached XP level 5. HP: 27/41 MP: 1/8
  3249 | D:2      | Reached skill level 4 in Unarmed Combat
  3740 | D:3      | Found Kujerhy's General Store.
  3749 | D:3      | Bought a potion of degeneration for 10 gold pieces
  4128 | D:4      | Noticed a steam dragon
  4272 | D:4      | Learned a level 4 spell: Ice Form
  4682 | D:4      | HP: 1/49 [steam dragon (2)]
  4683 | D:4      | Killed from afar by a steam dragon

Illustrated notes

Levels and vault maps discovered:
D:1:      minmay_arrival_cross, layout_basic, minmay_misc_feat_five
D:2:      cheibrodos_fertilizer, layout_basic, basic_altar, uniq_terence
D:3:      layout_basic, serial_shops, shop_statue, lemuel_another_geyser
D:4:      layout_basic, st_stairs_9, kennysheep_dice

Skill      XL: |  1  2  3  4  5 |
---------------+----------------+-----
Dodging        | 2 |  2.3
Transmutations | 3 |  3.5
Poison Magic   | 1 |  1.6
Fighting       | 2 |  2.0
Unarmed Combat | 4 |  4.0
Spellcasting   | |  2.5

Action                   |  1- 3 |  4- 6 || total
-------------------------+-------+-------++-------
Melee: Unarmed           |    91 |    89 ||   180
       Kick              |    16 |    12 ||    28
       Headbutt          |     6 |     6 ||    12
       Tailslap          |     4 |     6 ||    10
       Punch             |       |     1 ||     1
 Cast: Beastly Appendage |    17 |    18 ||    35
       Spider Form       |     1 |     4 ||     5
       Ice Form          |       |     1 ||     1
  Use: Potion            |     1 |       ||     1
       Scroll            |     2 |     8 ||    10
Armor: Skin              |    34 |    18 ||    52
Dodge: Dodged            |    63 |    53 ||   116

Table legend: (Time is in decaauts)
 A = Elapsed time spent in this place.
 B = Non-inter-level travel time spent in this place.
 C = Inter-level travel time spent in this place.
 D = Time resting spent in this place.
 E = Time spent auto-exploring this place.
 F = Levels seen in this place.
 G = Mean time per level.
                   A        B        C        D        E       F      G
               +--------+--------+--------+--------+--------+-----+--------+
         Total |   4670 |   4567 |    103 |    708 |   3346 |   4 | 1167.5 |
       Dungeon |   4670 |   4567 |    103 |    708 |   3346 |   4 | 1167.5 |
               +--------+--------+--------+--------+--------+-----+--------+

Top non-repeatable levels by time:
     D:2: 1982 daAuts
     D:1: 1311 daAuts
     D:3: 815 daAuts
     D:4: 561 daAuts
